 Dungeon Crawl Stone Soup version 0.17-a0-1923-gc35365e (webtiles) character file.

17 derrpe the Vexing (level 2, 0/11 HPs)
             Began as a Felid Enchanter on Sept 28, 2015.
             Slain by a worm (9 damage)
             ... on level 2 of the Dungeon.
             The game lasted 00:01:28 (1171 turns).

derrpe the Vexing (Felid Enchanter)                 Turns: 1171, Time: 00:01:29

Health: 0/11       AC:  1    Str:  4    XL:     2   Next: 44%
Magic:  2/6        EV: 18    Int: 16    God:
Gold:   21         SH:  0    Dex: 16    Spells: 2 memorised, 2 levels left
                                        Lives:  0   Deaths: 0

rFire  . . .     SeeInvis +       - Unarmed
rCold  . . .     Clarity  .     (armour unavailable)
rNeg   . . .     SustAt   .     (shield unavailable)
rPois  .         Gourm    .     (helmet unavailable)
rElec  .         Spirit   .     (cloak unavailable)
rCorr  .         Warding  .     (gloves unavailable)
rMut   .         Stasis   .     (boots unavailable)
MR     .....                    (no amulet)
Stlth  +++.......               (no ring)
                                (no ring)

@: quick, not resistant to hostile enchantments, fairly stealthy
A: no armour, no weapons or thrown items, claws 1, fangs 3, see invisible,
carnivore 3, speed 1, shaggy fur 1, slow metabolism 1, sharp paws
a: no special abilities


You were on level 2 of the Dungeon.
You were full.

You visited 1 branch of the dungeon, and saw 2 of its levels.

You collected 21 gold pieces.

Inventory:

Jewellery
 n - an uncursed ring of ice {unknown}
Scrolls
 c - a scroll of enchant weapon {unknown}
 d - a scroll of blinking {unknown}
 i - 2 scrolls of identify {unknown}
 k - a scroll of fear {unknown}
Potions
 e - a potion of might {unknown}
 g - a potion of haste {unknown}
 h - a potion of invisibility {unknown}
 j - a potion of curing {unknown}
 l - 2 potions of ambrosia {unknown}
 m - a potion of experience {unknown}
Books
 a - a book of Maledictions

   Spells                             Type                      Level
   a - Corona                         Hexes                        1
   b - Ensorcelled Hibernation        Hexes/Ice                    2
   c - Confuse                        Hexes                        3
   d - Tukima's Dance                 Hexes                        3
   e - Dazzling Spray                 Conjuration/Hexes            3
Comestibles
 b - 2 meat rations {@e2}
 f - a royal jelly


   Skills:
 + Level 0.2 Fighting
 + Level 3.1 Dodging
 + Level 4.1 Stealth
 + Level 1.2 Unarmed Combat
 - Level 2.0 Spellcasting
 * Level 5.0 Hexes


You had 2 spell levels left.
You knew the following spells:

 Your Spells              Type           Power        Failure   Level  Hunger
a - Corona                Hex            ###....      2%          1    #......
b - Ensorcelled Hibernat  Hex/Ice        #.....       12%         2    ###....


Dungeon Overview and Level Annotations

Branches:
Dungeon (2/15)

Altars:


Innate Abilities, Weirdness & Mutations

You cannot wear armour.
You are incapable of wielding weapons or throwing items.
You have sharp claws.
You have razor-sharp teeth.
You have supernaturally acute eyesight.
You are carnivorous and can eat meat at any time.
You cover ground quickly.
You are covered in fur (AC +1).
You have a slow metabolism.
Your sharp claws are effective at attacking unaware monsters.


Message History

Press: ? - help, Shift-Dir - straight line, f/p - worm
Aim: a worm (chance to defeat MR: 50%)
The worm looks drowsy...
The helpless worm fails to defend itself.
You claw the worm!
The worm is severely wounded.
You barely miss the worm.
The worm is severely wounded.
The worm completely misses you.
Casting: Ensorcelled Hibernation
Confirm with . or Enter, or press ? or * to list all spells.
Okay, then.
Unknown command.
You scratch the worm but do no damage.
The worm is severely wounded.
You barely miss the worm.
The worm is severely wounded.
The worm bites you!
Ouch! That really hurt!
You die...

#.#.#.#####.###
#.....# #.#
###.### ..# #.#
.### ##.#####.#
#........#
#..######.
#..## #.@.#
#.#w# #.# #.#>#
#.# #.#.# #.#
#### #.#.# #.#
... #.#.# #.# .
#.. ..#.#####.#
..# #.#
####....##.# ..
#.#
####.##.####.#


You could see a worm.

Vanquished Creatures
  2 bats
  2 giant cockroaches (D:1)
  2 goblins (D:1)
  2 hobgoblins (D:1)
  A ball python (D:2)
  3 giant newts (D:1)
  3 kobolds (D:1)
  2 rats (D:1)
17 creatures vanquished.

Notes
Turn   | Place    | Note
--------------------------------------------------------------
     0 | D:1      | derrpe the Felid Enchanter began the quest for the Orb.
     0 | D:1      | Reached XP level 1. HP: 7/7 MP: 4/4
   466 | D:1      | Reached XP level 2. HP: 11/11 MP: 6/6
   929 | D:1      | Reached skill level 5 in Hexes
   945 | D:1      | Learned a level 2 spell: Ensorcelled Hibernation
  1171 | D:2      | Slain by a worm

Vault maps used:
D:1:      dpeg_arrival_rhombi
D:2:      uniq_jessica

Action                   || total
-------------------------++-------
Melee: Unarmed           ||    41
 Cast: Ensorcelled Hiber ||     3
 Stab: Sleeping          ||     9
  Eat: Chunk             ||     4
